Map: Mist Opportunities

Players

Kurdistan

  • Race: Protoss Protoss
  • Spawn Location: 5:00

RainingBlood

  • Race: Zerg Zerg

VOD

Have the link to the VOD?

Description

Time

  • Played on: April 5, 2021, 5:21 a.m.
  • Length: 29:26
Show
View Real Time Build Order
Export as new Build Order

Kurdistan Protoss 

Build Orders:  

Get SALT Encoding   

  12  0:21  Xel'Naga Passageway  
  12  0:25  Probe (Chrono Boost)  
  13  0:39  Probe (Chrono Boost)  
  14  0:53  Probe (Chrono Boost)  
  15  1:07  Probe (Chrono Boost)  
  16  1:23  Xel'Naga Ambusher  
  18  1:42  Xel'Naga Ambusher  
  20  2:34  Probe (Chrono Boost)  
  22  2:50  Probe (Chrono Boost)  
  22  2:55  Ancient Nexus  
  22  3:07  Probe (Chrono Boost)  
  23  3:37  Xel'Naga Ambusher  
  22  3:48  Xel'Naga Passageway  
  24  3:52  Core Forge  
  25  4:00  Probe (Chrono Boost)  
  25  4:12  Xel'Naga Passageway  
  25  4:17  Probe (Chrono Boost)  
  26  4:34  Probe (Chrono Boost)  
  26  4:38  Xel'Naga Ambusher  
  29  5:12  Probe (Chrono Boost)  
  29  5:15  Probe (Chrono Boost)  
  31  5:22  Constructs Facility  
  31  5:27  Void Shrine  
  31  5:31  Xel'Naga Shieldguard  
  31  5:33  Xel'Naga Shieldguard  
  31  5:34  Xel'Naga Shieldguard  
  34  5:44  Probe (Chrono Boost)  
  34  5:47  Probe (Chrono Boost)  
  36  5:59  Xel'Naga Shieldguard  
  36  6:00  Xel'Naga Shieldguard x2  
  39  6:13  Probe (Chrono Boost)  
  39  6:18  Probe (Chrono Boost)  
  41  6:42  Void Templar  
  41  6:45  Probe (Chrono Boost)  
  41  6:48  Probe (Chrono Boost)  
  45  7:45  Void Templar, Xel'Naga Shieldguard  
  45  7:46  Void Templar  
  50  8:36  Probe (Chrono Boost)  
  50  8:39  Probe (Chrono Boost)  
  52  8:50  Probe (Chrono Boost)  
  52  8:56  Probe (Chrono Boost)  
  52  8:57  Void Templar  
  54  9:00  Void Templar  
  54  9:01  Void Templar  
  60  9:35  Xel'Naga Enforcer  
  60  9:53  Probe (Chrono Boost)  
  60  9:56  Probe (Chrono Boost)  
  62  10:04  Constructs Bay  
  62  10:07  Probe (Chrono Boost)  
  63  10:16  Void Templar  
  65  10:54  Xel'Naga Enforcer  
  67  11:32  Xel'Naga Shieldguard x2  
  69  11:53  Xel'Naga Watcher  
  69  12:07  Tesseract Cannon  
  69  12:09  Tesseract Cannon  
  69  12:13  Tesseract Cannon  
  69  12:16  Tesseract Cannon  
  69  13:01  Xel'Naga Abrogator  
  69  13:03  Xel'Naga Ambusher, Xel'Naga Shieldguard  
  74  13:32  Xel'Naga Ambusher  
  74  13:35  Xel'Naga Ambusher, Xel'Naga Shieldguard  
  79  14:30  Xel'Naga Abrogator  
  82  15:03  Xel'Naga Ambusher  
  82  15:06  Xel'Naga Ambusher  
  82  15:07  Xel'Naga Shieldguard  
  87  15:24  Tesseract Cannon  
  87  15:26  Tesseract Cannon  
  87  15:28  Tesseract Cannon  
  87  15:30  Tesseract Cannon  
  87  15:33  Tesseract Cannon  
  87  15:34  Void Templar  
  83  16:14  Serdath Legion  
  83  16:23  Xel'Naga Shieldguard x2  
  85  17:03  Xel'Naga Abrogator  
  88  17:29  Xel'Naga Ambusher, Xel'Naga Shieldguard  
  91  17:30  Xel'Naga Ambusher  
  93  18:09  Void Templar  
  95  18:10  Xel'Naga Ambusher  
  97  18:23  Tesseract Cannon x2  
  97  18:43  Xel'Naga Ambusher, Xel'Naga Shieldguard  
  100  19:00  Unknown x9  
  100  19:20  Tesseract Cannon  
  100  19:21  Tesseract Cannon  
  100  19:36  Unknown x3  
  100  19:37  Unknown x6  
  100  19:52  Siege Tank  
  100  19:57  Unknown x3  
  100  19:58  Unknown x6  
  100  20:00  Tesseract Cannon  
  100  20:02  Tesseract Cannon  
  100  20:04  Tesseract Cannon, Unknown x3  
  100  20:06  Unknown x3  
  100  20:07  Unknown x3  
  99  20:12  Siege Tank x3  
  99  20:36  Serdath Legion  
  99  20:37  Unknown x3  
  99  20:39  Unknown x3  
  98  20:41  Unknown x3  
  110  21:21  Tesseract Cannon x2  
  110  21:24  Tesseract Cannon  
  110  21:28  Xel'Naga Watcher  
  110  21:34  Unknown x3  
  110  21:37  Unknown x3  
  116  21:43  Xel'Naga Watcher  
  110  21:58  Xel'Naga Watcher  
  110  22:05  Unknown x3  
  110  22:06  Unknown x3  
  104  22:11  Unknown x3  
  104  22:13  Unknown x3  
  104  22:17  Unknown x3  
  104  22:18  Unknown x3  
  104  22:19  Unknown x3  
  102  22:38  Tesseract Cannon  
  102  22:40  Tesseract Cannon  
  102  22:43  Tesseract Cannon  
  102  22:45  Tesseract Cannon  
  102  22:48  Tesseract Cannon, Unknown x3  
  99  22:50  Tesseract Cannon  
  99  22:59  Xel'Naga Shieldguard x2  
  97  23:01  Xel'Naga Shieldguard  
  99  23:13  Unknown x3  
  99  23:15  Unknown x3  
  99  23:47  Xel'Naga Shieldguard  
  100  24:00  Tesseract Cannon  
  100  24:02  Tesseract Cannon  
  100  24:04  Tesseract Cannon  
  100  24:10  Unknown x6  
  100  24:13  Unknown x3  
  100  24:16  Unknown x6  
  100  25:02  Tesseract Cannon x2  
  100  25:05  Tesseract Cannon  
  100  25:07  Tesseract Cannon  
  100  25:24  Unknown x3  
  100  25:25  Unknown x6  
  100  26:06  Tesseract Cannon  
  100  26:07  Tesseract Cannon  
  100  26:10  Tesseract Cannon  
  100  26:11  Tesseract Cannon  
  100  26:14  Tesseract Cannon  
  100  26:15  Unknown x3  
  100  26:18  Unknown x6  
  100  26:22  Unknown x3  
  100  26:23  Unknown x3  
  100  26:24  Unknown x3  
  100  26:30  Unknown x9  
  100  26:41  Unknown x3  
  100  26:42  Unknown x3  
  100  26:44  Unknown x3  
  98  26:50  Xel'Naga Shieldguard, Unknown x6  
  98  26:52  Xel'Naga Shieldguard  
  100  27:16  Tesseract Cannon x2  
  100  27:19  Tesseract Cannon  
  100  27:39  Unknown x6  
  100  27:40  Siege Tank, Unknown x3  
  100  27:46  Unknown x9  
  100  28:21  Serdath Legion  
  100  28:25  Unknown x6  
  100  28:27  Unknown x3  
  103  28:31  Unknown x3  
  103  28:32  Unknown x3  
  103  28:33  Unknown x3  
  103  28:37  Unknown x3  
  103  28:38  Unknown x6  
  97  28:44  Unknown x3  
  97  28:45  Unknown x6  
Show
View Real Time Build Order
Export as new Build Order

RainingBlood Zerg 

Build Orders:  

Get SALT Encoding   

  18  0:06  Primal Drone  
  19  0:13  Primal Drone  
  20  0:23  Extractor  
  20  0:26  Primal Drone  
  21  0:35  Primal Drone  
  22  0:42  Primal Drone  
  23  0:53  Primal Drone  
  24  1:04  Unknown  
  24  1:20  Primal Drone  
  24  1:29  Primal Warden  
  26  1:32  Primal Drone  
  27  1:50  Primal Drone  
  28  2:13  Primal Drone x2  
  28  2:14  Extractor  
  30  2:36  Primal Drone  
  30  2:37  Primal Zergling  
  32  2:42  Primal Hive  
  32  2:48  Primal Drone  
  38  3:07  Primal Drone  
  39  3:10  Primal Zergling x2  
  41  3:56  Primal Drone x2  
  41  3:57  Primal Drone  
  41  3:59  Primal Zergling  
  45  4:00  Primal Zergling x2  
  45  4:05  Glevig's Den  
  46  4:29  Primal Drone  
  47  4:38  Primal Warden  
  48  4:44  Ravasaur x2, Primal Hive  
  48  4:45  Ravasaur  
  46  5:06  Primal Drone x3  
  46  5:07  Primal Drone x2  
  46  5:08  Extractor  
  49  5:42  Primal Drone  
  49  5:44  Muscular Augments  
  49  5:47  Primal Drone  
  49  5:48  Primal Drone  
  52  5:50  Primal Drone x2  
  52  5:51  Extractor  
  52  5:52  Murvar's Den  
  52  5:56  Primal Hydralisk x2  
  52  5:57  Primal Hydralisk x2  
  52  5:58  Primal Hydralisk  
  63  6:07  Primal Hydralisk  
  65  6:50  Primal Hydralisk  
  65  6:51  Primal Hydralisk x3  
  65  6:55  Primal Drone  
  65  6:56  Primal Drone  
  76  7:00  Primal Wurm  
  76  7:12  Primal Hydralisk x2  
  80  7:33  Primal Drone x4  
  80  7:34  Primal Drone  
  85  8:03  Primal Hydralisk x3  
  85  8:04  Primal Hydralisk  
  85  8:06  Primal Reconstitution  
  85  8:08  Primal Mutalisk  
  85  8:09  Primal Mutalisk x3  
  89  8:10  Primal Mutalisk x2  
  87  8:37  Primal Mutalisk x2  
  85  8:42  Primal Drone  
  85  8:43  Primal Drone x3  
  89  9:01  Unknown x2  
  87  9:28  Primal Drone x2  
  87  9:29  Primal Drone, Primal Attacks Level 1  
  90  9:36  Slicing Glave  
  90  9:38  Primal Wurm  
  91  9:40  Primal Hydralisk  
  91  9:41  Primal Hydralisk x7  
  91  9:46  Primal Carapace Level 1  
  107  9:58  Primal Hydralisk  
  107  9:59  Primal Hydralisk x2  
  113  10:13  Dakrun's Den  
  112  10:38  Primal Hydralisk  
  112  10:39  Primal Hydralisk x4  
  122  10:55  Shifting Carapace  
  122  11:00  Primal Mutalisk x2  
  122  11:01  Primal Mutalisk x3  
  117  11:30  Primal Hydralisk  
  117  11:31  Primal Hydralisk x3  
  117  11:36  Primal Mutalisk x2  
  117  11:37  Primal Mutalisk  
  122  12:07  Primal Drone x2  
  122  12:08  Primal Drone x3  
  122  12:09  Primal Mutalisk x2  
  125  12:26  Primal Drone x2  
  125  12:27  Primal Attacks Level 2  
  127  13:25  Primal Hydralisk  
  129  13:32  Primal Hydralisk  
  129  13:33  Primal Hydralisk x7  
  129  13:34  Primal Hydralisk  
  147  14:41  Unknown  
  147  15:46  Primal Hydralisk  
  147  15:47  Primal Hydralisk x9  
  167  16:17  Primal Hydralisk  
  167  16:18  Primal Hydralisk x2  
  167  16:19  Primal Hydralisk  
  175  16:31  Primal Mutalisk  
  175  16:32  Primal Mutalisk x4  
  175  16:33  Primal Mutalisk x5  
  165  16:59  Primal Attacks Level 3  
  165  17:00  Primal Carapace Level 2  
  165  17:35  Primal Wurm  
  165  17:36  Primal Wurm  
  165  17:38  Primal Wurm x2  
  169  17:40  Primal Drone x4  
  169  17:41  Primal Drone  
  182  18:21  Primal Wurm  
  182  18:50  Primal Wurm  
  182  18:52  Primal Wurm x2  
  182  18:54  Primal Wurm, Primal Mutalisk x2  
  182  18:55  Primal Wurm  
  182  18:57  Primal Wurm x2  
  181  19:56  Primal Wurm  
  181  20:26  Primal Carapace Level 3  
  181  20:47  Primal Drone  
  181  20:48  Primal Drone  
  185  21:30  Primal Wurm  
  185  21:32  Primal Wurm  
  185  22:13  Primal Drone x4  
  185  22:14  Primal Drone  
  183  22:35  Primal Hydralisk x3  
  183  22:36  Primal Hydralisk x5  
  183  22:39  Primal Drone  
  200  23:10  Primal Mutalisk x3  
  200  23:11  Primal Mutalisk  
  196  23:31  Primal Drone x3  
  200  24:14  Primal Wurm  
Tags
 
Add a new tag
Caveats
  • Supply blocks, unpowered buildings, or Contaminate may cause inaccurate times.
  • Supply counts are checked every 10 seconds.